 Dungeon Crawl Stone Soup version 0.19-a0-1035-gdbfb0c6 (webtiles) character file.

49 seren the Ruffian (level 3, 28/28 HPs)
             Began as a Draconian Transmuter on July 29, 2016.
             Quit the game on level 1 of the Dungeon.
             The game lasted 00:08:05 (2028 turns).

seren the Ruffian (Draconian Transmuter)            Turns: 2028, Time: 00:08:06

Health: 28/28      AC:  5    Str: 11 (13) XL:     3   Next: 53%
Magic:  6/6        EV: 12    Int: 10 (13) God:
Gold:   56         SH:  0    Dex:  7 (9)  Spells: 1 memorised, 5 levels left

rFire  . . .     SeeInvis .       - Unarmed
rCold  . . .     Gourm    .     (armour unavailable)
rNeg   . . .     Faith    .     (no shield)
rPois  .         Spirit   .     (helmet restricted)
rElec  .         Dismiss  .     (no cloak)
rCorr  .         Reflect  .     (no gloves)
SustAt .         Harm     .     (no boots)
MR     .....     Rnd*Rage +     (no amulet)
Stlth  +.........               (no ring)
                                (no ring)

@: not resistant to hostile enchantments, very unstealthy
A: unfitting armour, berserk 1, clumsy 1, slow regeneration 1, cold-blooded, AC
+5
a: no special abilities


You were on level 1 of the Dungeon.
You were hungry.

You visited 1 branch of the dungeon, and saw 2 of its levels.

You collected 56 gold pieces.

Inventory:

Missiles
 a - 12 arrows
Scrolls
 d - a scroll of remove curse {unknown}
 g - a scroll of noise {unknown}
 h - a scroll of fear {unknown}
 j - a scroll of amnesia {unknown}
 k - a scroll of fog {unknown}
 m - a scroll of blinking {unknown}
Books
 b - a book of Changes

   Spells                             Type                      Level
   a - Beastly Appendage              Transmutation                1
   b - Sticks to Snakes               Transmutation                2
   c - Spider Form                    Transmutation/Poison         3
   d - Ice Form                       Ice/Transmutation            4
   e - Blade Hands                    Transmutation                5
Comestibles
 c - 2 bread rations
 f - a slice of pizza
 n - 2 beef jerkies


   Skills:
 - Level 1.1 Fighting
 - Level 1.7 Dodging
 + Level 4.6 Unarmed Combat
 - Level 2.0 Spellcasting
 - Level 2.0 Transmutations


You had 5 spell levels left.
You knew the following spells:

 Your Spells              Type           Power        Failure   Level  Hunger
a - Beastly Appendage     Tmut           #.....       14%         1    ##.....


Dungeon Overview and Level Annotations

Branches:
Dungeon (2/15)

Altars:

Annotations:
D:1 exclusion: gnoll


Innate Abilities, Weirdness & Mutations

Your plain brown scales are hard. (AC +5)
Your body does not fit into most forms of armour.
You are cold-blooded and may be slowed by cold attacks.
You tend to lose your temper in combat.
You are clumsy. (Dex -2)
You regenerate slowly when monsters are visible.


Message History

You climb upwards.
Level annotation: exclusion: gnoll You feel sick.
There is a stone staircase leading down here.
You start resting.
You feel sick.
You are no longer poisoned.
You start resting.
You flicker for a moment.
You start resting.
You flicker back into view.
You start resting.
Your magical contamination has completely faded away.
You start resting.
Some of the chunks of flesh in your inventory have rotted away.
All of the chunks of flesh in your inventory have rotted away.
You are feeling hungry.
You start resting.
HP restored.
Are you sure you want to abandon this character and quit the game? (Confirm with "yes".)

#.........##...########
#.........##...#
#####..#####...# #..#
#...### #..# #.....###
#..# #####...#### #..#
##.....# #..# #...[.# #.@#
#.....# #########.###
#.#.#.# #...........#
####.....# #...........#
#..#.....#
#.....(.....#####..#.#.#.#
#.....(............#.....#
#...........#...#..#.....#
#...........#......#.#.#.#
#...........#.[....#.....#


There were no monsters in sight!

Vanquished Creatures
  2 adders (D:2)
  7 bats
  2 giant cockroaches (D:1)
  4 goblins (D:1)
  3 hobgoblins
  2 jackals (D:1)
  5 kobolds
  4 rats
29 creatures vanquished.

Notes
Turn   | Place    | Note
-------+----------+-------------------------------------------
     0 | D:1      | seren the Draconian Transmuter began the quest for the Orb.
     0 | D:1      | Reached XP level 1. HP: 16/16 MP: 3/3
   355 | D:1      | Reached XP level 2. HP: 19/23 MP: 5/5
  1315 | D:2      | Reached skill level 4 in Unarmed Combat
  1672 | D:2      | Reached XP level 3. HP: 27/28 MP: 6/6
  1752 | D:2      | Gained mutation: You tend to lose your temper in combat. [potion of mutation]
  1752 | D:2      | Gained mutation: You regenerate slowly when monsters are visible. [potion of mutation]
  1752 | D:2      | Gained mutation: You are clumsy. (Dex -2) [potion of mutation]
  2028 | D:1      | Quit the game

Vault maps used:
D:1:      onia_arrival_mini_maze_b, columned_hall_lemuel
D:2:      kennysheep_ying_yang, kennysheep_generic_room_2, uniq_jessica

Skill      XL: |  1  2 |
---------------+-------+-----
Unarmed Combat | 4 |  4.6
Fighting       | |  1.1
Dodging        | |  1.7
Spellcasting   | |  2.0
Transmutations | |  2.0

Action                   || total
-------------------------++-------
Melee: Unarmed           ||   136
       Tailslap          ||    12
       Punch             ||     1
  Use: Potion            ||     3
  Eat: Chunk             ||     3
Armor: Skin              ||    57
Dodge: Dodged            ||    97
